 Dungeon Crawl Stone Soup version 0.27.0-1-g7a08968 (webtiles) character file.

Game seed: 4537416765514855393

903 Illumine the Slasher (level 7, -2/60 HPs)
             Began as a Minotaur Air Elementalist on Aug 10, 2021.
             Slain by Grinder (5 damage)
             ... while paralysed by Grinder
             ... on level 4 of the Dungeon.
             The game lasted 00:07:22 (5476 turns).

Illumine the Slasher (Minotaur Air Elementalist)    Turns: 5476, Time: 00:07:23

Health: -2/60      AC:  9    Str: 15    XL:     7   Next: 80%
Magic:  8/8        EV:  2    Int: 12    God:
Gold:   159        SH:  0    Dex: 10    Spells: 7/8 levels left

rFire    . . .     SeeInvis .   g - +0 long sword
rCold    . . .     Faith    .   (no shield)
rNeg     . . .     Spirit   .   k - +0 chain mail
rPois    .         Reflect  .   (helmet restricted)
rElec    .         Harm     .   (no cloak)
rCorr    .         Rampage  .   (no gloves)
Will     .....                  (no boots)
Stlth    ..........             (no amulet)
HPRegen  0.20/turn              (no ring)
MPRegen  0.11/turn              (no ring)

@: paralysed
A: horns 2, retaliatory headbutt
a: no special abilities


You were on level 4 of the Dungeon.
You visited 1 branch of the dungeon, and saw 5 of its levels.

You collected 159 gold pieces.

Inventory:

Hand Weapons
 d - a +0 club
 e - a +0 hunting sling
 g - a +0 long sword (weapon)
 q - a +0 hand crossbow
Missiles
 r - 9 bolts
Armour
 a - a +0 robe
 k - a +0 chain mail (worn)
Jewellery
 i - a +6 ring of strength
Wands
 c - a wand of iceblast (17)
Scrolls
 f - 2 scrolls of acquirement {unknown}
 h - 3 scrolls of identify {unknown}
 j - 3 scrolls of vulnerability {unknown}
 s - a scroll of immolation {unknown}
 t - a scroll of amnesia {unknown}
 u - a scroll of blinking {unknown}
Potions
 b - a potion of heal wounds {unknown}
 l - a potion of invisibility {unknown}
 m - a potion of might {unknown}
 n - a potion of lignification {unknown}
 o - a potion of flight {unknown}
 p - a potion of haste {unknown}


   Skills:
 + Level 4.3 Fighting
 * Level 7.6 Long Blades
 - Level 1.7 Maces & Flails
 + Level 4.4 Armour
 - Level 2.1 Dodging
 - Level 1.5 Stealth
 - Level 1.1 Unarmed Combat
 - Level 1.3 Spellcasting
 - Level 1.0 Conjurations
 - Level 2.1 Air Magic


You had 7 spell levels left.
You knew the following spells:

 Your Spells              Type           Power      Damage    Failure   Level
a - Shock                 Conj/Air       16%        1d4       95%         1

Your spell library contained the following spells:

 Spells                   Type           Power      Damage    Failure   Level
 Static Discharge         Conj/Air       4%         N/A       99%         2
 Swiftness                Air            6%         N/A       100%        3
 Airstrike                Air            3%         N/A       100%        4


Dungeon Overview and Level Annotations

Branches:
Dungeon (5/15)
 Temple: D:4-7

Altars:

Annotations:
D:3 Sigmund
D:4 Grinder


Innate Abilities, Weirdness & Mutations

You have a pair of horns on your head.
You reflexively headbutt those who attack you in melee.


Message History

Press: ? - help, Shift-Dir - straight line, f - Pikel
Aim: Pikel, wielding a +0 whip of freezing and wearing a +0 robe (severely wounded)
The mass of ice explodes!
The iceblast engulfs Pikel!
Pikel is almost dead.
You hear a shout!
You hear an angry hiss.
Pikel checks his coin pouch and frowns.
The adder hisses angrily.
Aiming: Iceblast
Press: ? - help, Shift-Dir - straight line, f/p - Pikel
Aim: Pikel, wielding a +0 whip of freezing and wearing a +0 robe (severely wounded)
The mass of ice explodes!
The iceblast engulfs Pikel!
You kill Pikel!
The iceblast engulfs the lemure!
You kill the lemure!
That felt strangely unrewarding.
With Pikel's spell broken, his former minions thank you for their freedom.
The lemure departs this earthly plane.
Grinder blinks!
Your Fighting skill increases to level 4!
Your Long Blades skill increases to level 7!
Your Armour skill increases to level 4!
You have reached level 7!
There is a stone staircase leading up here.
Grinder closely misses you. The adder bites you but does no damage.
You climb upwards.
There is a stone staircase leading down here.
Unknown command.
You miss the adder. The adder barely misses you. You furiously retaliate!
You headbutt the adder. Grinder gestures at you.
You suddenly lose the ability to move!
The adder bites you.
* * * LOW HITPOINT WARNING * * *
Grinder hits you.
* * * LOW HITPOINT WARNING * * *
You writhe in agony.
* * * LOW HITPOINT WARNING * * *
The adder bites you but does no damage. Grinder hits you.
* * * LOW HITPOINT WARNING * * *
You writhe in agony.
You die...

#.# #.# ###########.#
#........#..############
#.######.#.##..........# #
#.# #.#.##.########.# # #.#
#.#.##.# #.# #
####.######.#.##5# #.# ####
............#.##@# #.# #...
###..######.#)##S# ##.##
#... .....#
#.#.##.#######..)###..#
###..#
#.....................#
.....#
#......###(.##...###..#
###.#########.######..###.##
##.# ..............#####...#
#.# #.#
..<...................# #.#
#.. ###.###############...#
#.# #.#


You could see Grinder and an adder.

Vanquished Creatures
  Pikel (D:5)
  A necrophage (D:4)
  3 lemures (D:5)
  A scorpion (D:4)
  A centaur zombie (D:4)
  A jelly (D:4)
  A scorpion zombie (D:4)
  2 bullfrog skeletons
  An iguana (D:4)
  7 adders
  A howler monkey skeleton (D:5)
  A worm (D:2)
  3 dart slugs
  5 orcs (D:3)
  7 ball pythons
  12 endoplasms
  2 giant cockroaches (D:2)
  8 hobgoblins
  6 jackals
  6 kobolds
  4 quokkas
  3 bats
  5 frilled lizards
  5 goblins
  6 rats
93 creatures vanquished.

Vanquished Creatures (others)
  4 toadstools (D:1)
4 creatures vanquished.

Grand Total: 97 creatures vanquished

Notes
Turn   | Place    | Note
-------+----------+-------------------------------------------
     0 | D:1      | Illumine the Minotaur Air Elementalist began the quest for
                  | the Orb.
     0 | D:1      | Reached XP level 1. HP: 14/14 MP: 1/1
   116 | D:1      | Reached skill level 1 in Conjurations
   140 | D:1      | Reached skill level 1 in Unarmed Combat
   181 | D:1      | Reached XP level 2. HP: 20/20 MP: 0/3
   227 | D:1      | Reached skill level 1 in Maces & Flails
   702 | D:1      | Reached skill level 1 in Long Blades
   972 | D:1      | Reached XP level 3. HP: 26/26 MP: 1/4
  1329 | D:2      | Reached skill level 2 in Long Blades
  1519 | D:2      | Reached skill level 3 in Long Blades
  1850 | D:2      | Reached XP level 4. HP: 33/33 MP: 3/5
  2512 | D:2      | Found a faded altar of an unknown god.
  2881 | D:2      | Reached skill level 4 in Long Blades
  3591 | D:3      | Reached skill level 1 in Fighting
  3595 | D:3      | Reached skill level 1 in Armour
  3805 | D:3      | Reached XP level 5. HP: 38/40 MP: 2/6
  3923 | D:3      | Noticed Sigmund
  4201 | D:4      | Reached skill level 5 in Long Blades
  4830 | D:4      | Reached XP level 6. HP: 48/49 MP: 7/7
  5057 | D:4      | Reached skill level 6 in Long Blades
  5246 | D:5      | Entered Level 5 of the Dungeon
  5271 | D:5      | Noticed Grinder
  5432 | D:5      | Noticed Pikel
  5470 | D:5      | Killed Pikel
  5471 | D:5      | Reached skill level 7 in Long Blades
  5471 | D:5      | Reached XP level 7. HP: 17/60 MP: 8/8
  5474 | D:4      | Paralysed by Grinder for 3 turns
  5476 | D:4      | HP: 3/60 [Grinder (3)]
  5476 | D:4      | Slain by Grinder

Illustrated notes

Levels and vault maps discovered:
D:1:      ldierk_walled_garden_2, layout_basic
D:2:      minmay_skewed_foursquare, layout_loops_corners,
          shapermc_ecumenical_altar_flowoftime, minmay_box_of_dots
D:3:      layout_basic, grunt_decor_junction, mrwooster_statue_mirror,
          grunt_ministairs_11, uniq_sigmund
D:4:      layout_loops_ring, minmay_vboxes
D:5:      layout_cave_pools, serial_shops, shop, uniq_grinder, uniq_pikel,
          uniq_ijyb

Skill      XL: |  1  2  3  4  5  6 |
---------------+-------------------+-----
Conjurations   | 1 |  1.0
Unarmed Combat | 1 |  1.1
Maces & Flails | 1 |  1.7
Long Blades    | 1 3 4 5 7 |  7.6
Fighting       | 1 2 4 |  4.3
Armour         | 1 2 4 |  4.4
Dodging        | |  2.1
Stealth        | |  1.5
Spellcasting   | |  1.3
Air Magic      | |  2.1

Action                   |  1- 3 |  4- 6 |  7- 9 || total
-------------------------+-------+-------+-------++-------
Melee: Unarmed           |     4 |       |       ||     4
       Headbutt          |     5 |    23 |       ||    28
       Club              |    13 |       |       ||    13
       Long sword        |    26 |   109 |     1 ||   136
       Punch             |     1 |     1 |       ||     2
 Cast: Shock             |    62 |    37 |       ||    99
Evoke: Wand              |       |     5 |       ||     5
  Use: Potion            |     1 |     1 |       ||     2
 Stab: Sleeping          |       |     1 |       ||     1
Armor: Robe              |     9 |     9 |       ||    18
       Chain mail        |       |    43 |     2 ||    45
Dodge: Dodged            |    34 |    50 |     2 ||    86
       Rpst.: Long sword |     7 |    12 |       ||    19
